 Dungeon Crawl Stone Soup version 0.32-a0-422-g28b100f618 (webtiles) character file.

Game seed: 16649220180355100579

29 sanka the Apothecary (level 3, 24/24 HPs)
             Began as a Merfolk Alchemist on Feb 21, 2024.
             Was a Follower of Lugonu.
             Quit the game on level 1 of the Dungeon.
             The game lasted 00:00:57 (349 turns).

sanka the Apothecary (Merfolk Alchemist)             Turns: 349, Time: 00:00:58

Health: 24/24      AC:  2    Str:  8    XL:     3   Next: 16%
Magic:  6/6        EV: 12    Int: 16    God:    Lugonu [*.....]
Gold:   26         SH:  0    Dex: 14    Spells: 5/6 levels left

rFire   . . .        (no weapon)
rCold   . . .        (no shield)
rNeg    . . .        a - +0 robe
rPois   .            (no helmet)
rElec   .            (no cloak)
rCorr   .            (no gloves)
SInv    .            (no boots)
Will    .....        c - amulet of magic regeneration
Stlth   ++           (no ring)
HPRegen 0.24/turn    (no ring)
MPRegen 0.50/turn

%: no passive effects
@: no status effects
A: (nimble swimmer 2), mertail
a: Renounce Religion, Depart the Abyss


You were on level 1 of the Dungeon.
You worshipped Lugonu.
Lugonu was aware of your devotion.
You visited 1 branch of the dungeon, and saw 1 of its levels.

You collected 26 gold pieces.


Innate Abilities, Weirdness & Mutations

((You are very nimble when in or above water. (Stealth+, EV+, Speed+++)))
Your lower body shifts to a powerful aquatic tail in water.


   Skills:
 - Level 2.6 Dodging
 - Level 2.1 Stealth
 + Level 2.2 Spellcasting
 - Level 1.0 Conjurations
 + Level 5.2 Alchemy


You had 5 spell levels left.
You knew the following spells:

 Your Spells              Type           Power      Damage    Failure   Level
z - Sting                 Conj/Alch      44%        1d5       5%          1

Your spell library contained the following spells:

 Spells                   Type           Power      Damage    Failure   Level
 Mercury Vapours          Alch/Air       20%        N/A       11%         2
 Olgreb's Toxic Radiance  Alch           18%        N/A       22%         4
 Mephitic Cloud           Conj/Alch/Air  8%         N/A       26%         3
 Sticky Flame             Fire/Alch      10%        2d5       56%         4

Inventory:

Armour
 a - a +0 robe (worn)
Jewellery
 c - an amulet of magic regeneration (around neck)
Scrolls
 e - a scroll of identify {unknown}
 f - a scroll of poison {unknown}
Potions
 b - a potion of magic
 d - a potion of might {unknown}

Dungeon Overview and Level Annotations

Branches:
Dungeon (1/15)

Altars:
Lugonu

▒▒▒▒▒▒▒▒▒ ▒.......▒ ▒▒▒▒▒
▒(......▒ ▒▒▒▒▒▒▒▒▒...▒ ▒.......▒
▒▒......▒..▒▒▒▒▒▒▒▒▒▒▒▒▒▒.......▒
................................▒
........▒...▒▒..m.......▒.......▒
▒.....▒▒▒...▒▒..........▒.......▒
...▒▒▒▒ ▒...▒▒..........▒.......▒
.▒..▒ ▒...▒▒........▒▒▒▒..▒▒▒▒▒
..▒.▒▒▒▒▒......)......▒▒......▒
▒.▒.▒......▒▒.........▒▒▒▒.▒..▒
▒.....................▒▒?.....▒
......................▒▒......▒
▒▒.............▒.▒▒▒▒▒▒▒▒▒.▒.▒▒


There were no monsters in sight!


Message History

f - a scroll labelled ENGOIC SARGHIA A kobold comes into view.
It is wielding a +0 club.
Found 7 gold pieces.
The kobold shouts!
A kobold is nearby!
The sting misses the kobold.
The sting hits the kobold.
The kobold is poisoned.
The kobold is moderately wounded.
The sting hits the kobold.
The kobold looks even sicker.
You kill the kobold!
You now have 26 gold pieces (gained 7).
Found 6 stones.
Search for what [? for help]? altar
There is a faded altar of an unknown god here.
This altar belongs to (a) Vehumet, (b) Lugonu or (c) Wu Jian, but you can't tell which.
Press the corresponding letter to learn more about a god, or press enter to convert or escape to cancel.
Okay, then.
Found a scroll labelled ENGOIC SARGHIA.
Search for what [Enter for "altar", or ? for help]? veh Can't find anything matching that.
Search for what [Enter for "veh", or ? for help]? veh Can't find anything matching that.
Search for what [Enter for "veh", or ? for help]? altar
There is a faded altar of an unknown god here.
This altar belongs to (a) Vehumet, (b) Lugonu or (c) Wu Jian, but you can't tell which.
Press the corresponding letter to learn more about a god, or press enter to convert or escape to cancel.
Lugonu accepts your prayer! Lugonu welcomes you!
You can now depart the Abyss.
Are you sure you want to abandon this character and quit the game? (Confirm with "yes".)

Action                     || total
---------------------------++-------
   Cast: Sting             ||    29
 Armour: Robe              ||     2
  Dodge: Dodged            ||     5

Levels and vault maps discovered:
D:1:      dpeg_arrival_ternary, layout_rooms, basic_ecumenical_altar

Notes
Turn   | Place    | Note
-------+----------+-------------------------------------------
     0 | D:1      | sanka the Merfolk Alchemist began the quest for the Orb.
     0 | D:1      | Reached XP level 1. HP: 13/13 MP: 3/3
    23 | D:1      | Reached skill level 1 in Conjurations
    83 | D:1      | Reached XP level 2. HP: 19/19 MP: 3/5
   118 | D:1      | Reached skill level 5 in Alchemy
   239 | D:1      | Reached XP level 3. HP: 23/24 MP: 4/6
   276 | D:1      | Found a faded altar of an unknown god.
   348 | D:1      | Prayed at the altar of an unknown god.
   348 | D:1      | Became a worshipper of Lugonu the Unformed
   348 | D:1      | Reached * piety under Lugonu
   349 | D:1      | Quit the game

Vanquished Creatures
  3 ball pythons (D:1)
  2 endoplasms (D:1)
  A giant cockroach (D:1)
  2 goblins (D:1)
  2 hobgoblins (D:1)
  A frilled lizard (D:1)
  3 kobolds (D:1)
  2 rats (D:1)
16 creatures vanquished.
